Map: Blackburn LE

Players

Throwfordays

  • Race: Protoss Protoss
  • League: Silver

GuyFox - Winner!

  • Race: Terran Terran
  • League: Master

VOD

Have the link to the VOD?

Description

Time

  • Played on: Aug. 26, 2021, 10:58 p.m.
  • Length: 12:42
Show
View Real Time Build Order
Export as new Build Order

Throwfordays Protoss 

Build Orders:  

Get SALT Encoding   

  12  0:04  Probe (Chrono Boost)  
  13  0:16  Probe (Chrono Boost)  
  13  0:19  Pylon  
  14  0:22  Probe (Chrono Boost)  
  15  0:37  Probe  
  15  0:41  Forge  
  16  0:50  Pylon  
  16  0:55  Probe  
  17  1:10  Pylon  
  17  1:15  Pylon  
  17  1:20  Photon Cannon  
  17  1:26  Pylon  
  17  1:42  Photon Cannon  
  17  1:43  Pylon  
  17  1:55  Pylon  
  17  2:00  Photon Cannon  
  17  2:26  Pylon  
  17  2:37  Gateway  
  17  2:39  Gateway  
  17  2:57  Photon Cannon  
  17  2:59  Photon Cannon  
  17  3:02  Pylon  
  17  3:07  Photon Cannon  
  17  3:20  Assimilator  
  17  3:24  Probe (Chrono Boost)  
  17  3:25  Assimilator  
  19  3:34  Probe (Chrono Boost)  
  19  3:39  Probe (Chrono Boost)  
  20  3:47  Photon Cannon  
  20  3:50  Probe  
  20  3:55  Photon Cannon  
  21  4:06  Photon Cannon  
  21  4:22  Probe  
  22  4:28  Cybernetics Core  
  22  4:34  Probe  
  23  4:38  Gateway  
  23  4:41  Gateway  
  23  4:46  Probe  
  24  5:03  Photon Cannon  
  24  5:04  Warp Gate (Chrono Boost)  
  24  5:33  Pylon  
  24  5:38  Nexus  
  24  5:58  Photon Cannon  
  24  6:05  Protoss Ground Weapons Level 1  
  24  6:24  Twilight Council  
  24  6:45  Adept x2  
  24  6:46  Adept x2  
  31  6:56  Resonating Glaives (Chrono Boost)  
  28  7:19  Probe  
  29  7:31  Probe  
  30  7:39  Adept x2  
  30  7:40  Adept  
  30  7:41  Adept  
  38  7:44  Probe  
  39  7:56  Probe  
  40  8:08  Probe  
  41  8:19  Nexus  
  41  8:20  Probe  
  42  8:32  Probe (Chrono Boost)  
  43  8:35  Pylon  
  43  8:44  Probe (Chrono Boost)  
  43  8:45  Adept  
  43  8:47  Sentry  
  43  8:48  Sentry  
  50  8:50  Probe (Chrono Boost)  
  50  8:54  Probe (Chrono Boost)  
  52  8:59  Probe (Chrono Boost)  
  55  9:11  Probe x2 (Chrono Boost)  
  55  9:17  Probe (Chrono Boost)  
  55  9:19  Probe (Chrono Boost)  
  57  9:25  Probe  
  57  9:30  Probe  
  53  9:37  Probe  
  46  9:42  Adept x2, Probe  
  46  9:43  Adept x2  
  50  9:48  Gateway  
  50  9:54  Shield Battery x2, Probe  
  50  9:56  Shield Battery  
  38  10:07  Adept x2  
  38  10:08  Adept x2  
  38  10:35  Gateway x2  
  38  10:36  Stalker  
  38  10:37  Stalker x2  
  38  10:38  Gateway  
  38  10:39  Probe  
  45  10:45  Stalker  
  47  10:51  Probe  
  41  11:12  Stalker x4  
  49  11:19  Probe  
  50  11:31  Probe  
  49  11:43  Stalker  
  49  11:44  Stalker x5  
  49  11:45  Stalker  
  52  11:53  Pylon  
Show
View Real Time Build Order
Export as new Build Order

GuyFox Terran - Winner!

Build Orders:  

Get SALT Encoding   

  12  0:01  SCV  
  13  0:13  SCV  
  14  0:18  Supply Depot  
  14  0:25  SCV  
  15  0:40  SCV  
  15  0:42  Barracks  
  16  0:51  Refinery  
  16  0:52  SCV  
  17  1:04  SCV  
  18  1:16  SCV  
  19  1:28  SCV  
  19  1:31  Marine  
  21  1:49  Marine  
  22  2:07  Marine  
  22  2:24  Marine  
  23  2:40  Refinery  
  22  2:54  Marine  
  21  3:22  Marine  
  21  3:25  Orbital Command  
  22  3:31  Refinery  
  22  3:40  Refinery, Marine  
  23  3:42  Barracks  
  23  3:45  Barracks  
  23  3:50  Engineering Bay  
  23  4:34  Terran Infantry Weapons Level 1  
  23  4:37  Barracks Reactor  
  23  4:44  Supply Depot  
  23  4:50  Supply Depot  
  23  5:05  SCV  
  24  5:16  Marine x3, Supply Depot  
  24  5:17  SCV  
  28  5:23  Supply Depot  
  28  5:29  SCV  
  28  5:33  Marine  
  28  5:34  Marine x2  
  28  5:35  Barracks Reactor  
  32  5:41  SCV  
  33  5:51  Marine x2  
  33  5:52  Marine  
  33  5:54  SCV  
  37  6:06  SCV  
  37  6:08  Factory  
  37  6:09  Marine x3  
  41  6:18  SCV  
  42  6:20  Supply Depot  
  42  6:27  Marine x2  
  42  6:28  Neosteel Armor  
  42  6:30  SCV  
  45  6:37  Marine x3  
  48  6:42  SCV  
  48  6:45  Marine  
  50  6:47  Marine  
  51  6:54  SCV  
  51  6:55  Marine x2  
  54  7:06  SCV  
  54  7:07  Marine x3  
  50  7:12  Marine  
  50  7:13  Marine  
  52  7:18  SCV  
  53  7:25  Marine x2  
  53  7:28  Marine, Factory Tech Lab  
  54  7:30  SCV  
  54  7:31  Marine  
  54  7:32  Marine  
  54  7:42  Marine  
  54  7:43  Bunker  
  55  7:44  Bunker  
  55  8:01  Marine x5, Siege Tank  
  55  8:04  Supply Depot  
  63  8:11  SCV  
  64  8:14  Terran Infantry Armor Level 1  
  64  8:19  Marine x3  
  67  8:23  SCV  
  68  8:33  Marine x2  
  70  8:36  Marine, SCV  
  70  8:39  Marine x2  
  74  8:48  SCV  
  75  8:55  Marine  
  75  8:56  Marine x2  
  75  8:57  Marine  
  79  9:07  Supply Depot  
  79  9:10  Supply Depot  
  79  9:23  SCV  
  79  9:27  Marine  
  79  9:28  Marine x4  
  74  9:35  SCV  
  71  9:45  Marine  
  71  9:46  Marine x4  
  72  10:02  Marine  
  72  10:03  Marine x2  
  72  10:04  Marine x2  
  72  10:20  Marine  
  68  10:21  Marine x4  
  71  10:38  Marine  
  71  10:39  Marine x4  
  76  10:56  Marine  
  77  10:57  Marine x4  
  76  11:14  Marine  
  76  11:15  Marine x4  
  76  11:18  Siege Tank  
  80  11:32  Marine  
  80  11:33  Marine x2  
  80  11:50  Marine x3  
Tags
 
Add a new tag
Caveats
  • Supply blocks, unpowered buildings, or Contaminate may cause inaccurate times.
  • Supply counts are checked every 10 seconds.